 Dungeon Crawl Stone Soup version 0.26-a0-818-g75db068ed4 (webtiles) character file.

Game seed: 27470503284731833

2711 runemasterragnar the Covert (level 9, -1/61 HPs)
             Began as an Octopode Delver on Nov 14, 2020.
             Was an Initiate of Gozag.
             Shot with an arrow by a centaur (8 damage)
             ... on level 9 of the Dungeon.
             The game lasted 00:11:04 (10291 turns).

runemasterragnar the Covert (Octopode Delver)      Turns: 10291, Time: 00:11:05

Health: -1/61      AC:  1    Str: 11    XL:     9   Next: 66%
Magic:  22/22      EV: 15    Int: 15    God:    Gozag
Gold:   1805       SH:  5    Dex: 14    Spells: 12/13 levels left

rFire    . . .     SeeInvis .   a - +1 falchion
rCold    . . .     Faith    .   (no shield)
rNeg     . . .     Spirit   .   (helmet restricted)
rPois    .         Reflect  +   h - amulet of reflection
rElec    .         Harm     .   D - ring of magical power
rCorr    .         Rampage  .   (no ring)
MR       .....                  (no ring)
Stlth    +++++.....             (no ring)
HPRegen  0.20/turn              (no ring)
MPRegen  0.18/turn              (no ring)
                                (no ring)
                                (no ring)

@: mighty, gold aura
A: almost no armour, stealthy swim, amphibious, 8 rings, constrict 8, camouflage
1, gelatinous body 1
a: Potion Petition, Call Merchant, Bribe Branch, Renounce Religion


You were on level 9 of the Dungeon.
You worshipped Gozag.
Gozag was most pleased with you.
You visited 1 branch of the dungeon, and saw 9 of its levels.
You also visited: Bailey.

You collected 1816 gold pieces.
You paid 11 gold pieces to Gozag.

Inventory:

Hand Weapons
 a - a +1 falchion (weapon)
 i - a +0 dagger
 E - a +2 dagger of speed
Missiles
 l - a throwing net (quivered)
 z - 16 sling bullets
Jewellery
 d - an uncursed ring of flight
 h - an amulet of reflection (around mantle)
 p - an uncursed amulet of regeneration
 r - an uncursed ring of attention
 D - a ring of magical power (left tentacle)
 F - an uncursed ring of ice
Wands
 f - a wand of digging (3)
 u - a wand of disintegration (8)
Scrolls
 b - 4 scrolls of fog
 c - a scroll of magic mapping
 j - 2 scrolls of enchant weapon
 k - 3 scrolls of remove curse
 s - a scroll of amnesia {unknown}
 t - a scroll of immolation {unknown}
 w - a scroll of blinking {unknown}
 y - a scroll of enchant armour {unknown}
 B - 2 scrolls of teleportation
Potions
 e - 3 potions of haste
 g - 3 potions of degeneration
 m - 2 potions of flight
 n - a potion of heal wounds {unknown}
 o - 2 potions of invisibility
 v - a potion of magic
 x - 4 potions of curing
 A - 2 potions of brilliance


   Skills:
 + Level 5.0 Fighting
 + Level 5.2 Long Blades
 + Level 4.0 Throwing
 + Level 4.5 Dodging
 + Level 8.8 Stealth
 + Level 3.9 Unarmed Combat
 + Level 2.9 Spellcasting
 * Level 4.8 Translocations
 + Level 4.2 Evocations


You had 12 spell levels left.
You knew the following spells:

 Your Spells              Type           Power        Failure   Level
a - Apportation           Tloc           ###...       2%          1

Your spell library contained the following spells:

 Spells                   Type           Power        Failure   Level
 Animate Skeleton         Necr           #.....       21%         1
 Corona                   Hex            #......      21%         1
 Summon Small Mammal      Summ           #...         21%         1


Dungeon Overview and Level Annotations

Branches:
Dungeon (9/15)             Temple (0/1) D:6            Lair (0/6) D:8
 Bailey (visited)
    Orc: D:9-12

Altars:
Elyvilon
Gozag
Ru
Zin

Annotations:
D:6 1 runed translucent door, jr88keys's ghost, novice MiBe
D:7 2 transporters, reriks's ghost, novice OgHu
D:8 Gastronok


Innate Abilities, Weirdness & Mutations

You cannot wear most types of armour.
You are very stealthy in the water. (Stealth+)
You are amphibious.
You can wear up to eight rings at the same time.
You can use your tentacles to constrict eight enemies at once.
Your skin changes colour to match your surroundings (Stealth+).
Your rubbery body absorbs attacks. (AC +1, EV +1)


Message History

There is a stone staircase leading down here.
The kobold is no longer distracted by gold.
The howler monkey hits you.
* * * LOW HITPOINT WARNING * * *
You climb downwards.
There is a stone staircase leading up here.
You slash the howler monkey! You grab the howler monkey.
The howler monkey is heavily wounded.
You constrict the howler monkey. The howler monkey hits you.
* * * LOW HITPOINT WARNING * * *
You slash the howler monkey!
You kill the howler monkey!
Your Throwing skill increases to level 4!
You now have 1805 gold pieces (gained 4).
Unknown command.
The centaur shouts!
The centaur wields a +0 shortbow.
The centaur shoots an arrow.
The arrow hits you!
You die...
Your body crumbles into a pile of gold.

###≈≈≈≈# ##≈≈≈##
##≈≈≈### ###≈≈≈≈≈###
########≈≈≈≈≈≈≈≈≈####
.......≈≈≈≈≈≈≈≈≈≈≈≈≈#
..........≈≈≈≈≈≈≈≈..#
...$.......≈≈≈≈≈≈...#
.....c......@≈≈.....#
###########..########
#..........##
#.><.?.........
#..##.######### #..
.... ....#...)..
.....#........
................


You could see a centaur.

Vanquished Creatures
  An orc sorcerer (Bailey)
  An orc warrior (Bailey)
  An ice beast (D:7)
  A sky beast (D:6)
  2 ogres
  2 centaurs
  4 bullfrogs
  2 scorpions (D:7)
  5 killer bees (D:7)
  5 electric eels (Bailey)
  3 howler monkeys
  A quasit (D:7)
  A centaur zombie (D:7)
  4 hounds
  A bullfrog zombie (D:5)
  2 jellies
  2 orc wizards
  A bullfrog skeleton (D:8)
  3 iguanas
  3 worker ants
  A killer bee zombie (D:5)
  A worker ant zombie (D:7)
  6 gnolls
  9 adders
  3 shadow imps
  A white imp (D:6)
  An ufetubus (D:6)
  An ooze (D:3)
  3 worms
  3 dart slugs
  6 leopard geckos
  13 orcs
  6 giant cockroaches
  6 goblins
  11 hobgoblins
  13 jackals
  3 quokkas
  3 ball pythons
  4 bats
  3 frilled lizards
  5 kobolds
  9 rats
156 creatures vanquished.

Notes
Turn   | Place    | Note
-------+----------+-------------------------------------------
     0 | D:5      | runemasterragnar the Octopode Delver began the quest for
                  | the Orb.
     0 | D:5      | Reached XP level 1. HP: 16/16 MP: 1/1
    15 | D:5      | Reached XP level 2. HP: 19/21 MP: 2/2
    15 | D:5      | Reached XP level 3. HP: 23/26 MP: 3/3
    35 | D:5      | Found an opulent altar of Gozag.
    35 | D:5      | Found a sacrificial altar of Ru.
    47 | D:5      | Found a faded altar of an unknown god.
    49 | D:5      | Became a worshipper of Gozag Ym Sagoz the Greedy
   907 | D:1      | You fall into a shaft and drop 1 floor!
   918 | D:2      | Reached skill level 1 in Throwing
   918 | D:2      | Reached skill level 1 in Evocations
   921 | D:2      | Reached XP level 4. HP: 23/31 MP: 4/4
  1594 | D:1      | Reached skill level 1 in Unarmed Combat
  1972 | D:2      | Reached skill level 7 in Stealth
  1990 | D:2      | Reached XP level 5. HP: 25/36 MP: 5/5
  2098 | D:2      | Found a white marble altar of Elyvilon.
  3138 | D:4      | Reached XP level 6. HP: 28/42 MP: 6/6
  3899 | D:4      | Learned a level 1 spell: Apportation
  4890 | D:5      | Reached skill level 1 in Translocations
  5078 | D:5      | Reached XP level 7. HP: 47/47 MP: 7/7
  5654 | D:6      | Found a runed translucent door.
  5654 | D:6      | Noticed jr88keys's ghost (novice MiBe)
  5660 | D:6      | Found a staircase to the Ecumenical Temple.
  5962 | D:6      | Reached skill level 1 in Spellcasting
  6843 | D:6      | Reached XP level 8. HP: 29/54 MP: 8/10
  7323 | D:7      | Found a transporter.
  7326 | D:7      | Noticed reriks's ghost (novice OgHu)
  7517 | D:7      | Reached skill level 8 in Stealth
  8041 | D:7      | Found a transporter.
  8468 | D:7      | Reached XP level 9. HP: 55/59 MP: 12/12
  8538 | D:7      | Found a glowing silver altar of Zin.
  8710 | D:8      | Noticed Gastronok
  8750 | D:8      | Found a flagged portal.
  8756 | Bailey   | Entered a bailey
  9125 | Bailey   | Noticed an orc knight
  9592 | Bailey   | Noticed an orc sorcerer
  9604 | Bailey   | Noticed a soul eater
  9605 | Bailey   | Killed an orc sorcerer
  9606 | Bailey   | Reached skill level 5 in Long Blades
  9675 | Bailey   | Noticed an orc high priest
 10135 | Bailey   | Acquired 523 gold pieces
 10252 | D:8      | Reached skill level 5 in Fighting
 10291 | D:9      | Shot with an arrow by a centaur

Illustrated notes

Levels and vault maps discovered:
D:1:      kilobyte_arrival_exit_the_forest, layout_loops_corners,
          serial_bayou_pond_c
D:2:      wad_pebble_path, layout_basic, elyvilon_altar_1
D:3:      layout_basic
D:4:      layout_cave_pods, kennysheep_nondescript
D:5:      layout_gridville, chequers_temple_overflow_minitemple,
          fedhas_bush_and_centaur_altar
D:6:      layout_loops_corners, minmay_temple_entry_large_hall,
          hellmonk_ghost_happy_afterlife
D:7:      layout_gridville, gammafunk_ghost_stat_death,
          chequers_serial_rivers_micro_b, minivault_23, minmay_ruined_shrine
D:8:      layout_gridville, lair_entry_dummy, enter_bailey_2, uniq_gastronok
D:9:      statuecave_lemuel, layout_basic

Skill      XL: |  1  2  3  4  5  6  7  8  9 |
---------------+----------------------------+-----
Throwing       | 1 2 3 4 |  4.0
Evocations     | 1 2 3 4 |  4.2
Long Blades    | 3 4 5 |  5.2
Unarmed Combat | 1 2 3 |  3.9
Stealth        | 7 8 |  8.8
Dodging        | 3 4 |  4.5
Translocations | 1 2 3 4 |  4.8
Spellcasting   | 1 2 |  2.9
Fighting       | 4 5 |  5.0

Action                   |  1- 3 |  4- 6 |  7- 9 || total
-------------------------+-------+-------+-------++-------
Melee: Falchion          |    28 |   127 |   193 ||   348
       Tentacles         |     8 |    34 |    58 ||   100
       Constrict         |    10 |    40 |    52 ||   102
       Unarmed           |       |       |    22 ||    22
       Punch             |       |       |     3 ||     3
Throw: Javelin           |       |     3 |     6 ||     9
       Throwing net      |       |       |     1 ||     1
Evoke: Wand              |       |     1 |     6 ||     7
  Use: Scroll            |       |     2 |    13 ||    15
       Potion            |       |     3 |     3 ||     6
 Stab: Sleeping          |     6 |    22 |    16 ||    44
       Distracted        |       |     1 |     1 ||     2
Armor: Skin              |     2 |     5 |    67 ||    74
Dodge: Dodged            |    16 |    91 |   125 ||   232
Block: Other             |       |       |    32 ||    32
       Rpst.: Falchion   |     6 |    36 |    36 ||    78

Table legend: (Time is in decaauts)
 A = Elapsed time spent in this place.
 B = Non-inter-level travel time spent in this place.
 C = Inter-level travel time spent in this place.
 D = Time resting spent in this place.
 E = Time spent auto-exploring this place.
 F = Levels seen in this place.
 G = Mean time per level.
                   A        B        C        D        E       F      G
               +--------+--------+--------+--------+--------+-----+--------+
         Total |  10327 |  10192 |    135 |   3034 |   5368 |  10 | 1032.7 |
       Dungeon |   8929 |   8794 |    135 |   2143 |   5212 |   9 |  992.1 |
        Bailey |   1397 |   1397 |      0 |    891 |    156 |   1 | 1397.0 |
               +--------+--------+--------+--------+--------+-----+--------+

Top non-repeatable levels by time:
     D:6: 1662 daAuts
     D:1: 1497 daAuts
     D:7: 1423 daAuts
  Bailey: 1397 daAuts
     D:4: 1301 daAuts
     D:3: 967 daAuts
     D:5: 963 daAuts
     D:2: 885 daAuts
     D:8: 130 daAuts
     D:9: 98 daAuts
